 Dungeon Sprint DCSS version 0.28.0-43-g3370ac3207 (webtiles) character file.

Game seed: 14192922234590476583

83 bromine the Cudgeller (level 4, -1/49 HPs)
             Began as a Troll Berserker on Mar 21, 2022.
             Was a Priest of Trog.
             Slain by a scorpion (2 damage)
             ... in the Dungeon (Sprint IX: "|||||||||||||||||||||||||||||").
             The game lasted 00:00:20 (48 turns).

bromine the Cudgeller (Troll Berserker)               Turns: 48, Time: 00:00:20

Health: -1/49      AC:  4    Str: 27    XL:     4   Next: 22%
Magic:  3/3        EV: 10    Int:  3    God:    Trog [***...]
Gold:   0          SH:  0    Dex:  9    Spells: 3/3 levels left

rFire   . . .      SeeInvis .   a - +0 mace
rCold   . . .      Faith    .   (no shield)
rNeg    . . .      Spirit   .   b - +0 animal skin
rPois   .          Reflect  .   (helmet restricted)
rElec   .          Harm     .   (no cloak)
rCorr   .          Rampage  .   (gloves unavailable)
Will    .....      NoTele   +   (boots unavailable)
Stlth   +.........              (no amulet)
HPRegen 0.96/turn               (no ring)
MPRegen 0.08/turn               (no ring)

@: lethally poisoned (-1 -> -1), on berserk cooldown, slowed, very slow
A: large, unfitting armour, claws 3, regeneration 1, shaggy fur 1, tough skin 1
a: Renounce Religion, Berserk, Trog's Hand


You were in the Dungeon.
You worshipped Trog.
Trog was most pleased with you.
You visited 1 branch

Inventory:

Hand Weapons
 a - a +0 mace (weapon)
Armour
 b - a +0 animal skin (worn)
Scrolls
 h - a scroll of blinking
Potions
 c - a potion of curing
 d - a potion of heal wounds
 e - a potion of haste
 f - 2 potions of magic
 g - a potion of berserk rage


   Skills:
 + Level 4.6 Fighting
 + Level 5.2 Maces & Flails
 + Level 4.5 Dodging


You had 3 spell levels left.
You didn't know any spells.
Your spell library was empty.

Dungeon Overview and Level Annotations

Branches:
Dungeon (1/1)

Altars:


Innate Abilities, Weirdness & Mutations

You are too large for most types of armour.
You have claws for hands.
Your natural rate of healing is unusually fast.
You are covered in fur. (AC +1)
You have tough skin. (AC +1)


Message History

You closely miss the phantom.
The phantom is almost destroyed.
The phantom hits you but does no damage.
The phantom closely misses you.
You closely miss the phantom.
The phantom is almost destroyed.
The phantom closely misses you.
The phantom hits you but does no damage.
You sock the phantom!
You destroy the phantom!
Trog accepts your kill. The scorpion stings you.
The scorpion barely misses you.
Your Fighting skill increases to level 4!
Your Maces & Flails skill gained 2 levels and is now at level 5!
Your Dodging skill increases to level 4!
You have reached level 2!
You have reached level 3!
Your experience leads to an increase in your attributes!
Increase (S)trength, (I)ntelligence, or (D)exterity?
You feel stronger. x3
You have reached level 4!
You thump the scorpion!
The scorpion is heavily wounded.
The scorpion stings you!
You are poisoned.
The scorpion poisons you!
You hit the scorpion.
The scorpion is severely wounded.
You feel very sick. The scorpion stings you!
* * * LOW HITPOINT WARNING * * *
The scorpion stings you but does no damage.
The scorpion stings you.
* * * LOW HITPOINT WARNING * * *
You hit the scorpion but do no damage.
The scorpion is severely wounded.
* * * LOW HITPOINT WARNING * * *
You feel very sick. The scorpion stings you.
You die... ▓▓▓▓▓▓▓▓▓▓▓▓▓▓▓▓▓▓ +...hJs@....)...<▓ ▓▓▓▓▓▓▓▓▓▓▓▓▓▓▓▓▓▓

You could see a scorpion, a hound and a jelly.

Vanquished Creatures
  A phantom (D)
  A bat skeleton (D)
  An endoplasm (D)
  A goblin (D)
  A hobgoblin (D)
  A bat (D)
  A frilled lizard (D)
7 creatures vanquished.

Notes
Turn   | Place    | Note
-------+----------+-------------------------------------------
     0 | D        | bromine the Troll Berserker began the quest for the Orb.
     0 | D        | Reached XP level 1. HP: 22/22 MP: 0/0
     9 | D        | Reached skill level 3 in Maces & Flails
    15 | D        | Reached ** piety under Trog
    29 | D        | Noticed a hound
    29 | D        | Noticed a jelly
    29 | D        | Noticed a scorpion
    29 | D        | Noticed a phantom
    45 | D        | Killed a phantom
    45 | D        | Reached *** piety under Trog
    46 | D        | Reached skill level 5 in Maces & Flails
    46 | D        | Reached XP level 2. HP: 16/33 MP: 1/1
    46 | D        | Reached XP level 3. HP: 19/40 MP: 2/2
    46 | D        | Reached XP level 4. HP: 24/49 MP: 3/3
    48 | D        | HP: 1/49 [poisoned by a scorpion]
    48 | D        | Slain by a scorpion

Illustrated notes

Levels and vault maps discovered:
D:        linesprint [early_d, line_temple, items_1, d_10, items_2, lair_1,
          lair_end, items_3, orc_1, orc_end, items_4, d_15, swamp_1, shoals_1,
          snake_1, spider_1, d_20, vaults_1, items_5, swamp_end, shoals_end,
          snake_end, spider_end, vaults_end, d_27, items_6, zot_1, zot_end,
          crypt_end, forest_end, elf_end, slime_end, tomb_end, abyss_end,
          pan_hell_end]

Skill      XL: |  1 |
---------------+----+-----
Maces & Flails | 5 |  5.2
Fighting       | 4 |  4.6
Dodging        | 4 |  4.5

Action                   |  1- 3 |  4- 6 || total
-------------------------+-------+-------++-------
Melee: Mace              |    34 |     3 ||    37
Invok: Berserk           |     1 |       ||     1
Armor: Animal skin       |     7 |     1 ||     8
Dodge: Dodged            |    22 |       ||    22
